 Dungeon Crawl Stone Soup version 0.22.1-1-ga44c0e5 (webtiles) character file.

16564 Fang the Cleaver (level 12, -9/78 HPs)
             Began as a Gargoyle Berserker on Oct 17, 2018.
             Was a High Priest of Trog.
             Impaled on a porcupine's spines (13 damage)
             ... on level 3 of the Lair of Beasts.
             The game lasted 00:17:17 (14320 turns).

Fang the Cleaver (Gargoyle Berserker)              Turns: 14320, Time: 00:17:18

Health: -9/78      AC: 17    Str: 27    XL:     12   Next: 38%
Magic:  0/12       EV: 10    Int: 14    God:    Trog [*****.]
Gold:   658        SH:  0    Dex:  9    Spells: 11/11 levels left

rFire    . . .     SeeInvis +   e - +5 hand axe (venom)
rCold    . . .     Gourm    .   (no shield)
rNeg     + . .     Faith    .   K - +0 plate armour
rPois    ∞         Spirit   +   H - -3 hat of Kepsog {+Blink rPois MR+ Int+7}
rElec    +         Reflect  .   (no cloak)
rCorr    .         Harm     .   (no gloves)
MR       +....                  (no boots)
Stlth    ..........             v - amulet of guardian spirit
HPRegen  0.23/turn              l - ring of see invisible
MPRegen  0.13/turn              u - +3 ring of slaying

@: no status effects
A: negative energy resistance 1, electricity resistance, unbreathing,
petrification resistance, rot immunity, AC +8
a: Berserk, Trog's Hand, Brothers in Arms, Renounce Religion, Evoke Blink


You were on level 3 of the Lair of Beasts.
You worshipped Trog.
Trog was extremely pleased with you.
You were not hungry.

You visited 3 branches of the dungeon, and saw 15 of its levels.

You collected 658 gold pieces.

Inventory:

Hand Weapons
 e - a +5 hand axe of venom (weapon)
 y - a +0 war axe
Armour
 H - the -3 hat of Kepsog (worn) {+Blink rPois MR+ Int+7}
   (You found it on level 11 of the Dungeon)

   It affects your intelligence (+7).
   It protects you from poison.
   It affects your resistance to hostile enchantments.
   It lets you blink.
 I - a +1 robe of cold resistance
 K - a +0 plate armour (worn)
Jewellery
 a - an uncursed ring of protection from cold
 f - an uncursed ring of ice
 l - a ring of see invisible (left hand)
 u - a +3 ring of slaying (right hand)
 v - an amulet of guardian spirit (around neck)
 B - an uncursed ring of protection from magic
 N - a cursed ring of teleportation {unknown}
Wands
 k - a wand of paralysis (13)
 r - a wand of scattershot (6)
 s - a wand of polymorph (15)
 F - a wand of acid (9)
 G - a wand of flame (29)
 J - a wand of enslavement (10)
Scrolls
 g - 5 scrolls of magic mapping
 i - 7 scrolls of identify
 n - 5 scrolls of fog
 p - 6 scrolls of teleportation
 C - a scroll of remove curse
Potions
 d - 3 potions of heal wounds
 h - 2 potions of agility
 j - 2 potions of flight
 m - a potion of resistance
 o - 2 potions of magic
 q - 2 potions of berserk rage
 t - 4 potions of haste
 w - a potion of invisibility
 x - a potion of might
 z - 2 potions of brilliance
 A - 3 potions of lignification
 D - 10 potions of curing
 E - 2 potions of cancellation
 L - a potion of mutation {unknown}
Miscellaneous
 b - a box of beasts
Comestibles
 c - 18 rations


   Skills:
 + Level 10.4 Fighting
 + Level 13.0 Axes
 + Level 3.8 Armour
 + Level 7.5 Dodging
 + Level 5.9 Stealth
 + Level 1.1 Unarmed Combat


You had 11 spell levels left.
You didn't know any spells.
Your spell library was empty.

Dungeon Overview and Level Annotations

Branches:
Dungeon (11/15)            Temple (1/1) D:5            Lair (3/6) D:9
 Spider (0/4) Lair:2          Orc (0/2) D:10
  Swamp: Lair:2-4    Shoals: Lair:2-4

Altars:
Ashenzari
Cheibriados
Dithmenos
Elyvilon
Fedhas
Gozag
Hepliaklqana
Kikubaaqudgha
Makhleb
Nemelex Xobeh
Okawaru
Qazlal
Ru
Sif Muna
Trog
Uskayaw
Vehumet
Wu Jian
Xom
Yredelemnul
Zin
The Shining One

Shops:
D:4 (   D:8 %

Annotations:
D:8 exclusion: statue
Lair:2 exclusion: 4 oklob plants


Innate Abilities, Weirdness & Mutations

You are resistant to torment.
Your stone body is resilient. (AC +8)
You are immune to poison.
You resist negative energy. (rN+)
You are resistant to electric shocks. (rElec)
You can survive without breathing.
You are immune to petrification.
You are immune to rotting.


Message History

You see here a komodo dragon corpse.
You see here a bullfrog corpse.
You start resting.
A porcupine comes into view.
A porcupine is nearby!
A porcupine is nearby!
You see here a spiny frog corpse.
The porcupine bites you but does no damage.
The porcupine closely misses you.
You hit the porcupine.
The porcupine is poisoned.
The porcupine is moderately wounded.
The porcupine bites you but does no damage.
You are struck by the porcupine's spines.
* * * LOW HITPOINT WARNING * * *
You slash the porcupine!
The porcupine looks as sick as possible!
The porcupine is almost dead.
The porcupine bites you but does no damage.
You are struck by the porcupine's spines.
You die...

####.#..##.................
#........##.......#.#.#.#.#
P.>......###........).....
#.........##..#...#.#.#.#
#..........#...#.......(
............#P.##.#.#.#.#.#
................#.††.......
................r.#†#.#.#.#
................@..........
...............#..#.#.#.#.#
#..............##.........
..............#####.#.#.#.#
###..........## ##..### .
###........# ### #.#P##
####


You could see a porcupine.

Vanquished Creatures
  Gastronok (D:8)
  Fannar (D:10)
  A two-headed ogre (D:11)
  Sonja (Lair:2)
  A cyclops (D:11)
  A spiny frog (Lair:3)
  3 centaur skeletons (D:10)
  2 komodo dragons
  A troll (D:10)
  A jumping spider (Lair:2)
  A queen bee (D:8)
  A hornet (D:9)
  A hippogriff (D:7)
  3 redbacks (Lair:2)
  3 yaks (D:11)
  A wraith (D:9)
  Grum (D:8)
  Menkaure (D:4)
  4 soldier ants (D:8)
  7 water moccasins
  2 porcupines (Lair:1)
  An eye of draining (D:10)
  3 ice beasts
  3 sky beasts
  A black bear (D:9)
  2 necrophages
  10 ogres
  A phantom (D:10)
  7 wolves
  5 centaurs
  4 crocodiles
  4 big kobolds
  9 bullfrogs
  A gnoll sergeant (D:10)
  A wyvern skeleton (D:10)
  4 scorpions
  28 killer bees
  4 wights (D:10)
  2 howler monkeys (D:11)
  A centaur zombie (D:10)
  5 crimson imps
  2 quasits
  A bullfrog zombie (D:10)
  2 hounds
  5 jellies
  9 orc priests
  12 orc wizards
  A bullfrog skeleton (D:10)
  Ijyb (D:3)
  An iguana (D:10)
  9 worker ants
  2 hound zombies (D:6)
  A hound skeleton (D:11)
  3 worker ant zombies
  2 howler monkey zombies
  8 gnolls
  2 howler monkey skeletons
  4 adders
  2 shadow imps
  An ooze (D:1)
  An adder skeleton (D:8)
  3 worms
  3 dart slugs
  6 leopard geckos
  43 orcs
  5 bats
  6 giant cockroaches
  18 goblins
  6 hobgoblins
  13 jackals
  4 quokkas
  8 frilled lizards
  2 goblin skeletons (D:9)
  2 hobgoblin zombies (D:9)
  26 kobolds
  3 kobold skeletons (D:9)
  2 kobold zombies (D:9)
  A leopard gecko skeleton (D:4)
  2 orc skeletons (D:9)
  An orc zombie (D:9)
  10 rats
367 creatures vanquished.

Vanquished Creatures (collateral kills)
  A hippogriff (D:7)
1 creature vanquished.

Vanquished Creatures (others)
  An orc wizard (D:8)
1 creature vanquished.

Grand Total: 369 creatures vanquished

Notes
Turn   | Place    | Note
-------+----------+-------------------------------------------
     0 | D:1      | Fang the Gargoyle Berserker began the quest for the Orb.
     0 | D:1      | Reached XP level 1. HP: 14/14 MP: 1/1
   301 | D:1      | Reached XP level 2. HP: 15/19 MP: 2/2
   450 | D:1      | Reached skill level 3 in Axes
   655 | D:1      | Reached XP level 3. HP: 23/23 MP: 3/3
   774 | D:1      | Reached ** piety under Trog
  1108 | D:2      | Found a faded altar of an unknown god.
  1154 | D:2      | HP: 1/24 [goblin/whip (2)]
  1665 | D:2      | Reached XP level 4. HP: 16/29 MP: 4/4
  2444 | D:3      | Found a blossoming altar of Fedhas.
  2897 | D:3      | Noticed Ijyb
  2922 | D:3      | Killed Ijyb
  2922 | D:3      | Reached skill level 4 in Axes
  2922 | D:3      | Reached XP level 5. HP: 20/33 MP: 5/5
  3187 | D:4      | Found Antaq's Antique Weapon Shop.
  3227 | D:4      | Reached skill level 1 in Stealth
  3579 | D:4      | Noticed Menkaure
  3589 | D:4      | Killed Menkaure
  3589 | D:4      | Reached XP level 6. HP: 13/39 MP: 1/6
  3852 | D:4      | Found a bloodstained altar of Trog.
  3965 | D:5      | Entered Level 5 of the Dungeon
  3965 | D:5      | Found a hazy altar of Hepliaklqana.
  3973 | D:5      | Reached skill level 5 in Axes
  3980 | D:5      | Reached skill level 1 in Unarmed Combat
  3980 | D:5      | Reached XP level 7. HP: 43/44 MP: 7/7
  4042 | D:5      | Reached skill level 5 in Fighting
  4225 | D:5      | Reached *** piety under Trog
  4525 | D:5      | Reached skill level 6 in Axes
  4693 | D:5      | Found a white marble altar of Elyvilon.
  4785 | D:5      | Found a basalt altar of Yredelemnul.
  4890 | D:5      | Found a shadowy altar of Dithmenos.
  4891 | D:5      | Found a shimmering altar of Xom.
  4895 | D:5      | Reached XP level 8. HP: 50/50 MP: 8/8
  4959 | D:5      | Found a staircase to the Ecumenical Temple.
  5029 | Temple   | Entered the Ecumenical Temple
  6205 | D:7      | Reached skill level 7 in Axes
  6476 | D:7      | Noticed a hippogriff
  6488 | D:7      | Killed a hippogriff
  6488 | D:7      | Reached XP level 9. HP: 31/56 MP: 9/9
  6655 | D:7      | Reached skill level 8 in Axes
  7126 | D:8      | Noticed Gastronok
  7133 | D:8      | Reached **** piety under Trog
  7153 | D:8      | Killed Gastronok
  7153 | D:8      | Reached skill level 9 in Axes
  7153 | D:8      | Reached skill level 5 in Dodging
  7153 | D:8      | Reached XP level 10. HP: 17/63 MP: 4/10
  7414 | D:8      | Reached skill level 10 in Axes
  7584 | D:8      | Found a radiant altar of Vehumet.
  7600 | D:8      | Found Witwal's Food Boutique.
  7643 | D:8      | Found a runed gate.
  7644 | D:8      | Found a runed door.
  7663 | D:8      | Found the +9 staff of Olgreb {rPois}
  7683 | D:8      | Noticed Grum
  7699 | D:8      | Killed Grum
  7705 | D:8      | Found a runed gate.
  7706 | D:8      | Found a runed door.
  7717 | D:8      | Found a runed gate.
  8178 | D:8      | Reached ***** piety under Trog
  8185 | D:8      | Reached skill level 11 in Axes
  8498 | D:9      | Reached XP level 11. HP: 59/69 MP: 8/11
  8689 | D:9      | Found a glowing golden altar of the Shining One.
  8764 | D:9      | Paralysed by an orc wizard for 2 turns
  8839 | D:9      | Found a glowing silver altar of Zin.
  8840 | D:9      | Found a burning altar of Makhleb.
  8846 | D:9      | Noticed an Executioner
  8848 | D:9      | Noticed an angel
  8861 | D:9      | Received a gift from Trog
  9214 | D:9      | Found a staircase to the Lair.
  9385 | D:10     | Entered Level 10 of the Dungeon
  9479 | D:10     | Noticed Fannar
  9498 | D:10     | Killed Fannar
 10118 | D:10     | Found a staircase to the Orcish Mines.
 10177 | D:10     | Reached skill level 12 in Axes
 10340 | D:10     | Reached skill level 5 in Stealth
 11019 | D:11     | Found the +7 sceptre of Torment
 11196 | D:11     | Noticed a two-headed ogre
 11208 | D:11     | Killed a two-headed ogre
 11208 | D:11     | Reached skill level 10 in Fighting
 11301 | D:11     | Reached XP level 12. HP: 40/77 MP: 8/12
 11398 | D:11     | Got a distressingly furry hat
 11404 | D:11     | Identified the cursed -3 hat of Kepsog {+Blink rPois MR+
                  | Int+7} (You found it on level 11 of the Dungeon)
 11474 | D:11     | Found a flagged portal.
 11900 | Lair:1   | Entered Level 1 of the Lair of Beasts
 13428 | Lair:2   | Found a hole to the Spider Nest.
 13802 | Lair:2   | Noticed Sonja
 13816 | Lair:2   | Killed Sonja
 13816 | Lair:2   | Reached skill level 13 in Axes
 14320 | Lair:3   | Impaled on a porcupine's spines

Skill      XL: |  1  2  3  4  5  6  7  8  9 10 11 12 |
---------------+-------------------------------------+-----
Axes           | 3 4 5 6 7 9 11 12 13 | 13.0
Dodging        | 2 3 4 5 6 7 |  7.5
Fighting       | 4 5 6 7 8 10 | 10.4
Stealth        | 1 2 3 4 5 |  5.9
Unarmed Combat | 1 |  1.1
Armour         | 3 |  3.8

Action                   |  1- 3 |  4- 6 |  7- 9 | 10-12 || total
-------------------------+-------+-------+-------+-------++-------
Melee: Hand axe          |    97 |    95 |   220 |   642 ||  1054
       Unarmed           |       |    21 |       |       ||    21
       Punch             |       |       |     2 |     4 ||     6
Invok: Berserk           |     1 |     3 |     2 |     9 ||    15
  Use: Scroll            |       |       |    21 |    12 ||    33
       Potion            |       |       |       |     1 ||     1
 Stab: Sleeping          |       |       |     3 |     8 ||    11
       Distracted        |       |       |       |     2 ||     2
  Eat: Chunk             |     3 |     8 |     6 |    24 ||    41
       Ration            |       |     1 |     1 |     3 ||     5
Armor: Animal skin       |    27 |    35 |    58 |   122 ||   242
       Robe              |       |       |       |    52 ||    52
       Plate armour      |       |       |       |    36 ||    36
Dodge: Dodged            |    39 |    76 |   135 |   384 ||   634
